AoeStats
← AntyDeath

QS Arena

503581684Analyzed
1v1 RM · 1mo ago on Sep 1, 2026· 30m 52s· 2 players
Game mode
Random Map
Map size
Tiny (2 player)
Population
200
Speed
Normal
Resources
Standard
Victory
Conquest
Starting age
Dark Age
Ending age
Imperial Age
RankedLock teamsTeams togetherTeam positionsShared explorationLock speedFull tech treeHidden civsTurbo modeCheats
Victory
Defeat
🇪🇸 Portuguese · Spain
656
+18
🇦🇺 Persians · Australia
689
-18
Filipo
0:37 Loom
9:11 Feudal Age
15:30 Castle Age
13:47 Stone Mining
14:13 Double-Bit Axe
14:24 Horse Collar
18:04 Wheelbarrow
17:25 Fletching
22:14 Bodkin Arrow
27:44 Imperial Age
27:11 Ballistics
26:47 Murder Holes
27:43 Gold Mining
28:34 Bow Saw
29:07 Bracer
31:30 Chemistry
AntyDeath
9:59 Feudal Age
10:45 Horse Collar
12:15 Double-Bit Axe
18:28 Castle Age
19:26 Crossbowman
20:12 Thumb Ring
21:32 Loom
29:56 Imperial Age
Connection lost

Rejoining the realm…

Still unreachable

The connection could not be restored.

Session expired

The server has moved on; the page needs a fresh start.